 Dungeon Crawl Stone Soup version 0.32-a0-35-gd9ff480968 (webtiles) character file.

Game seed: 1069945115467041592

71 cforsyth the Magician (level 4, 0/34 HPs)
             Began as a Djinni Enchanter on Jan 23, 2024.
             Slain by Grinder (8 damage)
             ... on level 2 of the Dungeon.
             The game lasted 00:02:50 (1955 turns).

cforsyth the Magician (Djinni Enchanter)            Turns: 1955, Time: 00:02:51

Health: 0/34       AC:  3    Str: 10    XL:     4   Next: 47%
Gold:   33         EV: 12    Int: 19    God:
                   SH:  0    Dex: 13

rFire   + + +        a - +1 dagger
rCold   x . .        (no shield)
rNeg    . . .        b - +0 robe
rPois   ∞            (no helmet)
rElec   .            m - +0 cloak "Jiagoamo" {rF+ Str+3}
rCorr   .            (no gloves)
SInv    .            (boots unavailable)
Will    .....        (no amulet)
Stlth   ++           (no ring)
HPRegen 0.25/turn    (no ring)
MPRegen 0.00/turn

%: infuse magic (-1 HP)
@: flying
A: sickness immunity, fire resistance 2, cold vulnerability 1, float, innate
caster, HP casting, extra vitality 1
a: no special abilities


You were on level 2 of the Dungeon.
You visited 1 branch of the dungeon, and saw 3 of its levels.

You collected 33 gold pieces.

Inventory:

Hand Weapons
 a - a +1 dagger (weapon)
Armour
 b - a +0 robe (worn)
 m - the +0 cloak "Jiagoamo" (worn) {rF+ Str+3}
   (You found it on level 3 of the Dungeon)

   Str+3:     It affects your strength (+3).
   rF+:       It protects you from fire.
Scrolls
 e - a scroll of noise {unknown}
 f - a scroll of enchant armour {unknown}
 g - a scroll of teleportation {unknown}
 i - a scroll of enchant weapon {unknown}
 j - a scroll of brand weapon {unknown}
 k - a scroll of vulnerability {unknown}
Potions
 c - 2 potions of invisibility
 d - a potion of haste {unknown}
 h - a potion of lignification {unknown}
 l - a potion of heal wounds {unknown}


   Skills:
 + Level 2.5 Fighting
 - Level 0.8 Short Blades
 - Level 2.1 Dodging
 - Level 2.4 Stealth
 + Level 3.6 Spellcasting
 + Level 3.6 Conjurations
 + Level 3.6 Hexes
 + Level 3.6 Summonings
 + Level 3.6 Necromancy
 + Level 3.6 Translocations
 + Level 3.6 Fire Magic
 + Level 3.6 Ice Magic
 + Level 3.6 Air Magic
 + Level 3.6 Earth Magic
 + Level 3.6 Alchemy


You knew the following spells:

 Your Spells              Type           Power      Damage    Failure   Level
a - Ensorcelled Hibernat  Hex/Ice        34%        N/A       4%          2
b - Confusing Touch       Hex            17%        N/A       10%         3
c - Tukima's Dance        Hex            17%        N/A       10%         3
d - Dazzling Flash        Conj/Hex       34%        N/A       10%         3
e - Sandblast             Erth           34%        2d9       3%          1
Your spell library was empty.

Dungeon Overview and Level Annotations

Branches:
Dungeon (3/15)

Altars:

Annotations:
D:2 Grinder


Innate Abilities, Weirdness & Mutations

You are immune to sickness and miasma.
You are immune to poison.
Your flesh is very heat resistant. (rF++)
You are vulnerable to cold. (rC-)
You float through the air rather than walking.
You learn spells naturally, not from books.
Your magical power is your life essence.
You have superior vitality. (+4 MHP)


Message History

You closely miss Grinder. Grinder closely misses you.
You hit Grinder.
Grinder is lightly wounded.
Grinder gestures at you.
You barely resist.
Casting: Tukima's Dance (quite dangerous; 10% risk of failure)
Confirm with . or Enter, or press ? or * to list all spells.
You can't see any susceptible monsters within range! (Use Z to cast anyway.) Unknown command.
Unknown command.
Casting: Tukima's Dance (quite dangerous; 10% risk of failure)
Confirm with . or Enter, or press ? or * to list all spells.
Casting: Dazzling Flash (quite dangerous; 10% risk of failure)
Press: ? - help, Dir - look around, f - activate Grinder is dazzled.
Grinder hits you.
You writhe in agony.
The blast of sand hits Grinder.
Grinder is lightly wounded.
Grinder says, "Don't move a muscle."
Grinder completely misses you.
The blast of sand hits Grinder but does no damage.
Grinder is lightly wounded.
Grinder gestures at you.
You suddenly lose the ability to move!
Grinder blinks!
Grinder is no longer blind.
Grinder hits you!
* * * LOW HITPOINT WARNING * * *
Grinder hits you but does no damage.
You can move again.
Unknown command.
You are too injured to fight recklessly!
Casting: Sandblast (safe; 3% risk of failure)
Confirm with . or Enter, or press ? or * to list all spells.
Aiming: Sandblast (safe; 3% risk of failure)
Press: ? - help, Shift-Dir - straight line, f/p - Grinder
Aim: Grinder (lightly wounded, 80% to hit)
The blast of sand hits Grinder.
Grinder is moderately wounded.
* * * LOW HITPOINT WARNING * * *
Grinder hits you!
You die...
Grinder sighs, "Dead already?
I want a refund."

########## #....# #.#
#........# #....# #.#
#.######.###....######.#
##.## #................
#...# #........####....
#...# #.###....####....
#...# #.# #....##......
#...#####.#####.###.#....
#.......@...........#....
#...####5)...#####.......
##### #.....# ####.###
#.....# #..## #.....#
##.## #.....# #..#
#.....# ##.# #.....# #..
#.....# ####


You could see Grinder.

Vanquished Creatures
  2 adders (D:2)
  A dart slug (D:1)
  A ribbon worm (D:2)
  3 ball pythons
  3 endoplasms (D:1)
  2 giant cockroaches (D:1)
  7 goblins
  5 hobgoblins
  3 quokkas
  5 bats
  3 frilled lizards
  6 kobolds
  3 rats (D:1)
44 creatures vanquished.

Notes
Turn   | Place    | Note
-------+----------+-------------------------------------------
     0 | D:1      | cforsyth the Djinni Enchanter began the quest for the Orb.
     0 | D:1      | cforsyth set off with the following spells memorised:
                  | Ensorcelled Hibernation, Confusing Touch, Tukima's Dance,
                  | Dazzling Flash.
     0 | D:1      | Reached XP level 1. HP: 15/15 MP: 0/0
   127 | D:1      | Reached XP level 2. HP: 22/22 MP: 0/0
   136 | D:1      | Reached skill level 1 in Fighting
   422 | D:1      | Reached XP level 3. HP: 27/27 MP: 0/0
   422 | D:1      | Learned a level 1 spell: Sandblast
  1536 | D:2      | Reached XP level 4. HP: 32/34 MP: 0/0
  1926 | D:3      | Identified the +0 cloak "Jiagoamo" {rF+ Str+3}
  1934 | D:3      | Noticed Grinder
  1950 | D:2      | Paralysed by Grinder for 5 turns
  1955 | D:2      | Slain by Grinder

Illustrated notes

Levels and vault maps discovered:
D:1:      nicolae_arrival_memento_mori, layout_basic, serial_forest,
          infiniplex_forest_lined_corner, infiniplex_forest_3_way,
          infiniplex_forest_end_3, infiniplex_forest_lined_room_3,
          infiniplex_forest_lined_2, infiniplex_forest_straight_2,
          infiniplex_forest_lined_room_2, infiniplex_forest_end_1,
          infiniplex_forest_clump_cross
D:2:      layout_basic, amcnicky_mini_pool_small
D:3:      layout_loops_ring, uniq_grinder, uniq_crazy_yiuf_cottage

Skill      XL: |  1  2  3 |
---------------+----------+-----
Spellcasting   | 3 |  3.6
Conjurations   | 3 |  3.6
Hexes          | 3 |  3.6
Summonings     | 3 |  3.6
Necromancy     | 3 |  3.6
Translocations | 3 |  3.6
Fire Magic     | 3 |  3.6
Ice Magic      | 3 |  3.6
Air Magic      | 3 |  3.6
Earth Magic    | 3 |  3.6
Alchemy        | 3 |  3.6
Fighting       | 1 2 |  2.5
Short Blades   | |  0.8
Dodging        | |  2.1
Stealth        | |  2.4

Action                     |  1- 3 |  4- 6 || total
---------------------------+-------+-------++-------
  Melee: Dagger            |    72 |     2 ||    74
   Cast: Sandblast         |    24 |    11 ||    35
         Dazzling Flash    |       |     1 ||     1
   Stab: Sleeping          |     2 |       ||     2
 Armour: Robe              |    42 |     8 ||    50
  Dodge: Dodged            |    47 |     8 ||    55

Table legend: (Time is in decaauts)
 A = Elapsed time spent in this place.
 B = Non-inter-level travel time spent in this place.
 C = Inter-level travel time spent in this place.
 D = Time resting spent in this place.
 E = Time spent auto-exploring this place.
 F = Levels seen in this place.
 G = Mean time per level.
                   A        B        C        D        E       F      G
               +--------+--------+--------+--------+--------+-----+--------+
         Total |   1968 |   1897 |     71 |     33 |   1555 |   3 |  656.0 |
       Dungeon |   1968 |   1897 |     71 |     33 |   1555 |   3 |  656.0 |
               +--------+--------+--------+--------+--------+-----+--------+

Top non-repeatable levels by time:
     D:1: 1213 daAuts
     D:2: 680 daAuts
     D:3: 74 daAuts
